 Dungeon Crawl Stone Soup version 0.19-a0-1682-g5114f93 (webtiles) character file.

13109 Saways the Spear-Bearer (level 11, 0/83 HPs)
             Began as a Mummy Gladiator on Sept 24, 2016.
             Killed from afar by an efreet (15 damage)
             ... with a fireball
             ... on level 2 of the Abyss.
             The game lasted 00:27:26 (66913 turns).

Saways the Spear-Bearer (Mummy Gladiator)          Turns: 66913, Time: 00:27:27

Health: 0/83       AC: 23    Str: 21 (23) XL:     11   Next: 71%
Magic:  11/11      EV:  8    Int:  3 (9)  God:    Xom [*.....]
Gold:   620        SH:  0    Dex: 15      Spells: 0 memorised, 10 levels left

rFire  + . .     SeeInvis .     m - +3 glaive (vamp) (curse)
rCold  . . .     Gourm    .     M - +1 plate armour of Ecidaxko {rF+ Int+2}
rNeg   + + +     Faith    .     (shield currently unavailable)
rPois  ∞         Spirit   .     L - +0 hat "Cecruoth" {Slay+5}
rElec  .         Dismiss  +     r - +1 cloak
rCorr  .         Reflect  .     w - +2 pair of gloves {Str+3}
MR     +++..     Harm     .     v - +2 pair of boots {run}
Stlth  ..........               l - amulet of dismissal
                                I - ring of fire
                                E - ring of Xom's Anger {+Fly MR++}

@: very slightly contaminated, hasted, very quick
A: no food or potions, fire vulnerability, cold resistance 1, negative energy
resistance 3, torment resistance, unbreathing
a: Renounce Religion, Evoke Flight


You were on level 2 of the Abyss.
You worshipped Xom.
You were a special plaything of Xom.
You were not hungry.

You visited 2 branches of the dungeon, and saw 12 of its levels.
You visited the Abyss 1 time.
You also visited: Ossuary.

You collected 620 gold pieces.

Inventory:

Hand Weapons
 m - a cursed +3 vampiric glaive (weapon)
Missiles
 d - 5 throwing nets (quivered)
Armour
 r - a +1 cloak (worn)
 v - a +2 pair of boots of running (worn)
 w - a +2 pair of gloves of strength (worn)
 B - a +0 buckler
 L - the +0 hat "Cecruoth" (worn) {Slay+5}
   (Xom gifted it to you on level 1 of the Dungeon)

   It affects your accuracy and damage with ranged weapons and melee attacks
   (+5).
 M - the +1 plate armour of Ecidaxko (worn) {rF+ Int+2}
   (Xom gifted it to you on level 1 of the Dungeon)

   It affects your intelligence (+2).
   It protects you from fire.
Jewellery
 l - an amulet of dismissal (around neck)
 n - a cursed ring of magical power
 E - the ring of Xom's Anger (left hand) {+Fly MR++}
   (Xom gifted it to you on level 9 of the Dungeon)

   [ring of flight]

   It affects your resistance to hostile enchantments.
   It lets you fly.
 I - a ring of fire (right hand)
Wands
 e - a wand of slowing (28/48)
 q - a wand of disintegration (8/24)
 u - a wand of hasting (0/9)
 x - a wand of heal wounds (3/9)
 F - a wand of hasting (1/9)
 K - a wand of hasting (3/9)
 O - a wand of paralysis (14/24)
Scrolls
 c - a scroll of immolation
 f - 4 scrolls of noise
 g - 3 scrolls of fog
 h - a scroll of random uselessness
 i - 7 scrolls of teleportation
 j - 7 scrolls of remove curse
 k - a scroll of fear
 t - a scroll of amnesia
 y - a scroll of recharging
 C - 3 scrolls of identify
 H - a scroll of magic mapping
 J - a scroll of summoning
Books
 a - a book of Enchantments

   Spells                             Type                      Level
   a - Cause Fear                     Hexes                        4
   b - Yara's Violent Unravelling     Hexes/Transmutation          5
   c - Silence                        Hexes/Air                    5
   d - Deflect Missiles               Charms/Air                   6
   e - Haste                          Charms                       6
   f - Discord                        Hexes                        8
 b - a book of Maledictions

   Spells                             Type                      Level
   a - Corona                         Hexes                        1
   b - Ensorcelled Hibernation        Hexes/Ice                    2
   c - Confuse                        Hexes                        3
   d - Tukima's Dance                 Hexes                        3
   e - Dazzling Spray                 Conjuration/Hexes            3
 o - a book of Burglary

   Spells                             Type                      Level
   a - Swiftness                      Charms/Air                   2
   b - Passwall                       Transmutation/Earth          2
   c - Passage of Golubria            Translocation                4
   d - Lee's Rapid Deconstruction     Earth                        5
   e - Darkness                       Hexes                        6
   f - Invisibility                   Hexes                        6
 p - a book of Frost

   Spells                             Type                      Level
   a - Freeze                         Ice                          1
   b - Throw Frost                    Conjuration/Ice              2
   c - Ozocubu's Armour               Charms/Ice                   3
   d - Throw Icicle                   Conjuration/Ice              4
   e - Summon Ice Beast               Ice/Summoning                4
 s - a book of Beasts

   Spells                             Type                      Level
   a - Summon Butterflies             Summoning                    1
   b - Call Canine Familiar           Summoning                    3
   c - Summon Ice Beast               Ice/Summoning                4
   d - Summon Mana Viper              Hexes/Summoning              5
   e - Summon Hydra                   Summoning                    7
 z - Xom's Compendium of Superiority
   (Xom gifted it to you on level 1 of the Dungeon)

   Spells                             Type                      Level
   a - Passwall                       Transmutation/Earth          2
   b - Mephitic Cloud                 Conjuration/Poison/Air       3
   c - Petrify                        Transmutation/Earth          4
   d - Venom Bolt                     Conjuration/Poison           5
   e - Alistair's Intoxication        Transmutation/Poison         5
 A - a book of Flames

   Spells                             Type                      Level
   a - Flame Tongue                   Conjuration/Fire             1
   b - Throw Flame                    Conjuration/Fire             2
   c - Conjure Flame                  Conjuration/Fire             3
   d - Inner Flame                    Hexes/Fire                   3
   e - Sticky Flame                   Conjuration/Fire             4
   f - Fireball                       Conjuration/Fire             5
 G - a book of the Tempests

   Spells                             Type                      Level
   a - Static Discharge               Conjuration/Air              3
   b - Lightning Bolt                 Conjuration/Air              5
   c - Fireball                       Conjuration/Fire             5
   d - Tornado                        Air                          9
   e - Shatter                        Earth                        9
Miscellaneous
 N - a lamp of fire (inert)


   Skills:
 + Level 6.4 Fighting
   Level 3.2 Long Blades
 * Level 12.8 Polearms
 - Level 1.5 Throwing
 + Level 6.3 Armour
 + Level 3.4 Dodging


You had 10 spell levels left.
You didn't know any spells.

Dungeon Overview and Level Annotations

Branches:
Dungeon (11/15)            Temple (1/1) D:4            Lair (0/6) D:10
    Orc (0/2) D:10

Altars:
Ashenzari
Cheibriados
Dithmenos
Elyvilon
Fedhas
Gozag
Hepliaklqana
Kikubaaqudgha
Makhleb
Nemelex Xobeh
Okawaru
Qazlal
Ru
Sif Muna
Trog
Uskayaw
Vehumet
Xom
Yredelemnul
Zin
The Shining One

Shops:
D:8 (


Innate Abilities, Weirdness & Mutations

You do not eat or drink.
Your flesh is vulnerable to fire.
You are immune to poison.
Your flesh is cold resistant. (rC+)
You are immune to negative energy. (rN+++)
You are immune to unholy pain and torment.
You can survive without breathing.


Message History

The orange demon stings you but does no damage.
The large abomination is engulfed in seething chaos.
The large abomination is healed somewhat.
The large abomination hits you!
* * * LOW HITPOINT WARNING * * *
Unknown command.
Blink to where?
Press: ? - help, Dir - move target cursor
As you read the scroll of blinking, it crumbles to dust.
Unknown command.
Xom thinks this is hilarious!
A starcursed mass comes into view.
A starcursed mass splits.
A chorus of shrieks assaults your mind.
* * * LOW HITPOINT WARNING * * *
An efreet comes into view. It is wielding a scimitar of flaming.
The efreet gestures at you.
The fireball explodes!
The fireball engulfs you! You resist.
You die...
Xom is highly amused!

###.. ..#.? .#
.#.# #.... ..
#... ###.##. #X#
#.## #..##R...#.
X.
.....##.#§...#.
..
#..§.§#..#.###.
## #@#..#.##..##
#. ##..##..#
#.###...
###...##...#..#..
#..#..##. .#..
#.#.##.##....#
### ....#.#....
#.#..#.#.. ....#
#..# ## #. #.#.


You could see an efreet.

Vanquished Creatures
  A very ugly thing (D:1)
  A catoblepas (D:1)
  A centaur warrior (D:1)
  A deep elf knight (D:1)
  A hill giant (D:1)
  A deep elf mage (D:1)
  A troll (D:10)
  A tengu conjurer (D:1)
  A meliai (shapeshifter) (D:10)
  A raiju (Abyss:2)
  A hippogriff (D:9)
  2 large abominations (Abyss:2)
  A spriggan (D:10)
  A ynoxinul (Abyss:2)
  A wyvern (D:8)
  3 yaks (D:10)
  Menkaure (Ossuary)
  A neqoxec (Abyss:2)
  A warg (D:10)
  A small abomination (Abyss:2)
  A water moccasin (D:10)
  A soldier ant (D:10)
  3 ice beasts
  3 black bears
  5 orc warriors
  3 sky beasts
  2 eyes of draining
  11 ogres
  6 centaurs
  A big kobold (D:7)
  An elf zombie (Ossuary)
  7 bullfrogs
  A wyvern skeleton (D:10)
  3 scorpions
  A killer bee (D:7)
  9 wights
  3 crimson imps
  2 bullfrog zombies
  10 howler monkeys
  5 centaur zombies
  2 quasits
  2 bullfrog skeletons
  6 hounds
  4 orc priests
  5 jellies
  3 iguanas
  2 orc wizards
  14 worker ants
  An ogre zombie (Ossuary)
  A hound zombie (D:10)
  6 mummies (Ossuary)
  7 adders
  9 gnolls
  A shadow imp (D:9)
  An ooze (D:3)
  A worm zombie (D:6)
  7 adder zombies
  2 adder skeletons
  A worm (D:2)
  2 dart slugs
  2 leopard geckos
  26 orcs
  7 bats
  6 giant cockroaches
  2 gnoll zombies (Ossuary)
  10 goblins
  15 hobgoblins
  15 jackals
  10 quokkas
  4 frilled lizards
  4 goblin zombies (Ossuary)
  A hobgoblin zombie (Ossuary)
  10 kobolds
  2 kobold zombies (Ossuary)
  A leopard gecko zombie (D:8)
  An orc zombie (Ossuary)
  4 quokka zombies (Ossuary)
  17 rats
  4 rat zombies (Ossuary)
  A fire vortex (D:1)
320 creatures vanquished.

Vanquished Creatures (collateral kills)
  An orc wizard (D:6)
  3 gnolls (D:6)
4 creatures vanquished.

Vanquished Creatures (others)
  3 killer bees (D:7)
  A fire vortex (D:1)
4 creatures vanquished.

Grand Total: 328 creatures vanquished

Notes
Turn   | Place    | Note
-------+----------+-------------------------------------------
     0 | D:1      | Saways the Mummy Gladiator began the quest for the Orb.
     0 | D:1      | Reached XP level 1. HP: 16/16 MP: 1/1
   322 | D:1      | Reached XP level 2. HP: 19/22 MP: 2/2
  1313 | D:2      | Reached XP level 3. HP: 27/27 MP: 3/3
  2069 | D:3      | Reached XP level 4. HP: 31/34 MP: 4/4
  2092 | D:3      | Found a basalt altar of Yredelemnul.
  2093 | D:3      | Found a radiant altar of Vehumet.
  2095 | D:3      | Found a sacrificial altar of Ru.
  2304 | D:3      | Found a glowing silver altar of Zin.
  2559 | D:4      | Found an ancient bone altar of Kikubaaqudgha.
  2646 | D:4      | Reached skill level 1 in Polearms
  2768 | D:4      | Reached skill level 2 in Polearms
  2768 | D:4      | Reached XP level 5. HP: 29/39 MP: 5/5
  3484 | D:4      | Reached skill level 1 in Armour
  3551 | D:4      | Reached skill level 3 in Polearms
  3603 | D:4      | Found a staircase to the Ecumenical Temple.
  3708 | Temple   | Entered the Ecumenical Temple
  3800 | Temple   | Became a worshipper of Xom of Chaos
  3917 | D:5      | Entered Level 5 of the Dungeon
  3919 | D:5      | Reached XP level 6. HP: 46/46 MP: 6/6
  3954 | D:5      | XOM: butterfly on damage
  4036 | D:4      | XOM: harmless Fire miscast
  4246 | D:4      | XOM: medium Tmut miscast
  4350 | D:5      | Noticed a sky beast
  4355 | D:5      | Killed a sky beast
  4355 | D:5      | Reached skill level 4 in Polearms
  4395 | D:5      | XOM: cast spell 'Shadow Creatures'
  4398 | D:5      | XOM: summons friendly white imp
  4399 | D:5      | XOM: mild Erth miscast
  4403 | D:5      | Reached XP level 7. HP: 28/52 MP: 7/7
  4711 | D:5      | Reached skill level 5 in Polearms
  4801 | D:5      | Identified a +2 pair of boots of running (You found it on level 5 of the Dungeon)
  4928 | D:5      | XOM: enchant monster (good)
  5159 | D:6      | Found a sand-covered staircase.
  5182 | D:6      | XOM: divination: magic mapping
  5268 | Ossuary  | Entered an ossuary
  5437 | Ossuary  | Noticed Menkaure
  5440 | Ossuary  | XOM: harmless Erth miscast
  5457 | Ossuary  | Killed Menkaure
  5457 | Ossuary  | Reached skill level 6 in Polearms
  5457 | Ossuary  | Reached XP level 8. HP: 34/58 MP: 8/8
  5639 | Ossuary  | XOM: god gift: 2 poisoned javelins
  5756 | Ossuary  | XOM: 8-stop teleportation journey
  5923 | Ossuary  | XOM: mild Tmut miscast
  5933 | Ossuary  | XOM: summons friendly crimson imp
  5943 | Ossuary  | Reached skill level 7 in Polearms
  5962 | Ossuary  | Identified a scroll of acquirement
  6087 | D:7      | XOM: enchant monster (good)
  6095 | D:7      | XOM: polymorph kobold -> gnoll
  6096 | D:7      | XOM: cleaving
  6229 | D:7      | Found a bloodstained altar of Trog.
  6267 | D:7      | XOM: confuse monster(s)
  6270 | D:7      | Reached skill level 8 in Polearms
  6286 | D:7      | XOM: fog
  6290 | D:7      | XOM: cleaving
  6361 | D:7      | XOM: destruction
  6372 | D:7      | Reached XP level 9. HP: 55/65 MP: 9/9
  6535 | D:8      | Found Qisuz's Weapon Shoppe.
  6583 | D:8      | Found a hazy altar of Hepliaklqana.
  6666 | D:8      | Reached skill level 9 in Polearms
  6771 | D:8      | XOM: 3-stop teleportation journey
  6977 | D:8      | XOM: god gift: sedimented coppery potion {god gift}
  7195 | D:8      | XOM: mild Erth miscast
  7202 | D:8      | XOM: god gift: 19 sling bullets
  7377 | D:8      | XOM: summons 2 friendly demons
  7802 | D:6      | Reached skill level 10 in Polearms
  7905 | D:6      | XOM: cast spell 'Monstrous Menagerie'
  8432 | D:9      | XOM: divination: magic mapping
  8445 | D:9      | Reached XP level 10. HP: 71/73 MP: 10/10
  8508 | D:9      | XOM: god gift: tiny cameo amulet {god gift}
  8597 | D:9      | XOM: medium Divn miscast
  8686 | D:9      | Reached skill level 5 in Fighting
  9070 | D:9      | XOM: god gift: scorched tin ring {god gift}
  9071 | D:9      | Got a scorched tin ring {god gift}
  9075 | D:9      | Identified the ring of Xom's Anger {+Fly MR++} (Xom gifted it to you on level 9 of the Dungeon)
  9095 | D:10     | Entered Level 10 of the Dungeon
  9108 | D:10     | XOM: scenery: create altars
  9127 | D:10     | XOM: blink monster(s)
  9135 | D:10     | Reached skill level 11 in Polearms
  9422 | D:10     | XOM: 1-stop teleportation journey
  9431 | D:10     | XOM: confuse monster(s)
  9437 | D:10     | XOM: polymorph yak -> spriggan
  9518 | D:10     | XOM: polymorph yak -> meliai
  9628 | D:10     | XOM: cast spell 'Summon Butterflies'
  9652 | D:10     | Found a staircase to the Lair.
  9664 | D:10     | XOM: 3-stop teleportation journey
  9701 | D:10     | XOM: 3-stop teleportation journey
  9750 | D:10     | XOM: scenery: create altars
  9763 | D:10     | XOM: 1-stop teleportation journey
  9836 | D:10     | XOM: mild Ice miscast
  9883 | D:10     | XOM: harmless Conj miscast
  9884 | D:10     | XOM: enchant monster (bad)
  9893 | D:10     | Found a staircase to the Orcish Mines.
 10197 | D:10     | Reached skill level 12 in Polearms
 10310 | D:10     | XOM: confuse monster(s)
 10324 | D:10     | Reached XP level 11. HP: 81/81 MP: 11/11
 10542 | D:10     | XOM: silly message
 10600 | D:10     | XOM: stat loss: -1 Str (22/23)
 10718 | D:10     | Noticed a red ugly thing
 10798 | D:11     | Noticed a five-headed hydra
 10813 | D:10     | XOM: summons 5 hostile demons
 10815 | D:10     | XOM: swap monsters
 10996 | D:1      | XOM: scenery: create altars
 11052 | D:1      | XOM: god gift: silvery potion {god gift}
 11081 | D:1      | XOM: scenery: create altars
 11127 | D:1      | XOM: scenery: create altars
 11370 | D:1      | XOM: god gift: 3 steel javelins
 12074 | D:1      | XOM: harmless Summ miscast
 12228 | D:1      | XOM is BORED!
 12228 | D:1      | XOM: mild Conj miscast
 12262 | D:1      | XOM: harmless Tloc miscast
 12932 | D:1      | XOM: god gift: scroll of enchant weapon
 13089 | D:1      | XOM: harmless Fire miscast
 13678 | D:1      | XOM: summons 1 hostile shadow creature
 13918 | D:1      | XOM: noise
 13966 | D:1      | XOM: harmless Erth miscast
 14324 | D:1      | XOM: harmless Necr miscast
 14372 | D:1      | XOM: medium Summ miscast
 14530 | D:2      | XOM: mild Ice miscast
 14570 | D:2      | XOM: divination: detect items
 14650 | D:1      | XOM: mild Conj miscast
 14734 | D:1      | XOM is BORED!
 14734 | D:1      | XOM: noise
 15112 | D:1      | XOM is BORED!
 15777 | D:1      | XOM: god gift: blowgun {god gift}
 15786 | D:1      | XOM: cloud trail
 16169 | D:1      | XOM: god gift: transparent hat {god gift}
 16170 | D:1      | Got a transparent hat {god gift}
 16181 | D:1      | Identified the +0 hat "Cecruoth" {Slay+5} (Xom gifted it to you on level 1 of the Dungeon)
 16447 | D:1      | XOM: harmless Summ miscast
 17616 | D:1      | Noticed a catoblepas
 18077 | D:1      | XOM: medium Conj miscast
 18079 | D:1      | XOM: god gift: battleaxe {god gift}
 18340 | D:1      | XOM: confuse monster(s)
 18363 | D:1      | Killed a catoblepas
 18639 | D:1      | XOM: medium Tloc miscast
 18833 | D:1      | XOM: divination: detect creatures
 18922 | D:1      | XOM: cloud trail
 19431 | D:1      | XOM: stat loss: -1 Int (6/7)
 19504 | D:1      | XOM: god gift: silvery potion {god gift}
 19829 | D:1      | XOM: medium Tmut miscast
 19924 | D:1      | XOM: scenery: create altars
 20245 | D:1      | XOM: god gift: glowing robe {god gift}
 21648 | D:1      | Noticed a centaur warrior
 21649 | D:1      | XOM: summons 7 friendly demons
 21714 | D:1      | XOM is BORED!
 21714 | D:1      | XOM: severe Conj miscast
 21880 | D:1      | XOM: god gift: 21 stones
 22132 | D:1      | XOM: cloud trail
 22788 | D:1      | XOM: divination: detect items
 23537 | D:1      | XOM: silly message
 23552 | D:1      | XOM: polymorph tengu conjurer -> eye of draining
 23565 | D:1      | XOM: mild Ice miscast
 23583 | D:1      | Noticed a brown very ugly thing
 23644 | D:1      | Noticed a hill giant
 23652 | D:1      | Killed a hill giant
 24712 | D:1      | XOM: god gift: mace {god gift}
 24740 | D:1      | Noticed a deep elf knight
 24743 | D:1      | Killed a deep elf knight
 24815 | D:1      | XOM: scenery: create altars
 24889 | D:1      | XOM: god gift: mace {god gift}
 25169 | D:1      | XOM: scenery: create altars
 25221 | D:1      | XOM: cloud trail
 25260 | D:1      | XOM: scenery: create altars
 25269 | D:1      | Killed a white very ugly thing
 25269 | D:1      | Reached skill level 5 in Armour
 26497 | D:1      | XOM: medium Tmut miscast
 26520 | D:1      | XOM: god gift: scroll of immolation
 26545 | D:1      | XOM: scenery: create altars
 26587 | D:1      | XOM: god gift: scroll of teleportation
 27436 | D:1      | XOM: summons 4 hostile shadow creatures
 27437 | D:1      | Noticed a white ugly thing
 27437 | D:1      | Noticed a hill giant
 28173 | D:1      | XOM is BORED!
 29400 | D:1      | XOM: summons 2 hostile demons
 29579 | D:1      | XOM: god gift: royal jelly
 30339 | D:1      | XOM: medium Hex miscast
 30486 | D:1      | XOM: cloud trail
 30728 | D:1      | XOM is BORED!
 30728 | D:1      | XOM: medium Tmut miscast
 31290 | D:1      | XOM: god gift: fine plate armour {god gift}
 31291 | D:1      | Got a fine plate armour {god gift}
 31302 | D:1      | Identified the +1 plate armour of Ecidaxko {rF+ Int+2} (Xom gifted it to you on level 1 of the Dungeon)
 31522 | D:1      | XOM: summons 1 hostile demon
 32228 | D:1      | XOM: mild Tmut miscast
 32423 | D:1      | XOM is BORED!
 32423 | D:1      | XOM: mild Fire miscast
 32989 | D:1      | XOM: noise
 33682 | D:1      | XOM: summons 1 hostile demon
 33687 | D:1      | XOM: mild Necr miscast
 34060 | D:1      | XOM: summons 5 hostile demons
 34786 | D:1      | XOM is BORED!
 34786 | D:1      | XOM: mild Tmut miscast
 35831 | D:1      | XOM: harmless Summ miscast
 36094 | D:1      | XOM: medium Fire miscast
 36162 | D:1      | XOM: noise
 36287 | D:1      | XOM is BORED!
 36287 | D:1      | XOM: medium Air miscast
 36288 | D:1      | XOM: harmless Ice miscast
 36357 | D:1      | XOM: mild Conj miscast
 36837 | D:1      | XOM: mild Chrm miscast
 37366 | D:1      | XOM: silly message
 37757 | D:1      | XOM: harmless Erth miscast
 37916 | D:1      | XOM: mild Air miscast
 38259 | D:1      | XOM: noise
 38494 | D:1      | XOM: cloud trail
 38744 | D:1      | XOM: scenery: create altars
 39450 | D:1      | XOM is BORED!
 39450 | D:1      | XOM: stat loss: -1 Str (20/23)
 40433 | D:1      | XOM: cloud trail
 40646 | D:1      | XOM: god gift: scroll labeled JUSETSA ENYR {god gift}
 41609 | D:1      | Noticed a deep elf mage
 41610 | D:1      | XOM: chaos cloud
 41623 | D:1      | Killed a deep elf mage
 41813 | D:1      | XOM: medium Chrm miscast
 41885 | D:1      | XOM: harmless Divn miscast
 42113 | D:1      | XOM: harmless Tloc miscast
 42752 | D:1      | XOM: harmless Erth miscast
 43165 | D:1      | XOM is BORED!
 43165 | D:1      | XOM: noise
 43489 | D:1      | XOM: mild Ice miscast
 43764 | D:1      | XOM: medium Necr miscast
 43806 | D:1      | XOM: mild Summ miscast
 43817 | D:1      | XOM: divination: detect creatures
 43961 | D:1      | XOM: severe Ice miscast
 44453 | D:1      | XOM is BORED!
 44520 | D:1      | XOM: silly message
 44921 | D:1      | XOM: noise
 44929 | D:1      | XOM: harmless Divn miscast
 45026 | D:1      | XOM: summons 5 hostile demons
 45141 | D:2      | XOM: harmless Tmut miscast
 45172 | D:1      | XOM: medium Fire miscast
 45729 | D:1      | XOM: harmless Tmut miscast
 46423 | D:1      | XOM: summons 5 hostile demons
 47174 | D:1      | XOM: confuse monster(s)
 47183 | D:1      | Killed a centaur warrior
 47768 | D:1      | XOM: medium Pois miscast
 48137 | D:1      | XOM is BORED!
 48137 | D:1      | XOM: medium Air miscast
 49308 | D:1      | XOM is BORED!
 49308 | D:1      | XOM: medium Hex miscast
 49706 | D:1      | XOM: summons 5 hostile demons
 50190 | D:1      | XOM: medium Tloc miscast
 51606 | D:1      | XOM: medium Hex miscast
 51695 | D:1      | XOM is BORED!
 51724 | D:1      | XOM: god gift: glaive {god gift}
 52395 | D:1      | XOM: cloud trail
 52988 | D:1      | XOM: noise
 53236 | D:1      | XOM: summons 1 hostile demon
 54034 | D:1      | XOM: summons 5 hostile demons
 54411 | D:1      | XOM: cloud trail
 54842 | D:1      | XOM is BORED!
 55009 | D:1      | XOM: medium Divn miscast
 55292 | D:1      | XOM: cloud trail
 55501 | D:1      | XOM: scenery: create altars
 55531 | D:1      | XOM: harmless Tmut miscast
 56091 | D:1      | XOM: mild Divn miscast
 56199 | D:1      | XOM: divination: detect items
 57081 | D:1      | XOM: harmless Ice miscast
 57292 | D:1      | XOM: harmless Summ miscast
 58080 | D:1      | XOM: medium Fire miscast
 58564 | D:1      | XOM: god gift: 56 gold pieces
 59088 | D:1      | XOM: cast spell 'Summon Butterflies'
 59133 | D:1      | XOM: divination: detect creatures
 59235 | D:1      | XOM: god gift: 5 fruits
 59560 | D:1      | XOM: god gift: 5 needles of sleeping
 59578 | D:1      | XOM: noise
 59793 | D:1      | XOM is BORED!
 59793 | D:1      | XOM: noise
 59975 | D:1      | Identified Xom's Compendium of Superiority (Xom gifted it to you on level 1 of the Dungeon)
 59975 | D:1      | XOM: god gift: Xom's Compendium of Superiority
 60594 | D:1      | XOM: mild Hex miscast
 61254 | D:1      | XOM: god gift: long smoking staff {god gift}
 61391 | D:1      | XOM: god gift: 21 arrows
 62135 | D:1      | XOM is BORED!
 62135 | D:1      | XOM: mild Erth miscast
 62925 | D:1      | XOM: cast spell 'Summon Butterflies'
 63145 | D:1      | XOM: cloud trail
 63516 | D:1      | XOM: god gift: wand of hasting {god gift}
 63967 | D:1      | XOM: scenery: create altars
 64377 | D:1      | XOM: god gift: 13 arrows
 64742 | D:1      | XOM: harmless Pois miscast
 64878 | D:1      | XOM is BORED!
 65673 | D:1      | XOM: mild Fire miscast
 65683 | D:1      | XOM: harmless Air miscast
 65912 | D:1      | XOM: harmless Divn miscast
 66689 | D:1      | Cast into level 2 of the Abyss (Xom)
 66803 | Abyss:2  | Noticed a wretched star
 66813 | Abyss:2  | XOM: fog
 66816 | Abyss:2  | XOM: confusion
 66819 | Abyss:2  | XOM: blink monster(s)
 66824 | Abyss:2  | Noticed a large abomination
 66829 | Abyss:2  | XOM: mild Chrm miscast
 66830 | Abyss:2  | XOM: mild Hex miscast
 66884 | Abyss:2  | XOM: noise
 66895 | Abyss:2  | XOM: noise
 66897 | Abyss:2  | XOM: chaos cloud
 66897 | Abyss:2  | HP: 4/83 [large abomination (20)]
 66905 | Abyss:2  | Noticed a starcursed mass
 66913 | Abyss:2  | Killed from afar by an efreet

Vault maps used:
D:1:      dpeg_arrival_rhombus
D:2:      minmay_door_square
D:3:      grunt_temple_overflow_open, zin_statuary
D:4:      kiku_gazebo_pond_becter, first_bread, serial_bayou_pond_e
D:6:      enter_ossuary_3, serial_park_tiny_pond, bh_walls_and_bars
D:7:      lightli_temple_of_fire
D:8:      kennysheep_mini, serial_shops, nicolae_shop_trees, grunt_ogre_cave,
          kennysheep_kite_vault
D:10:     lemuel_ogre_cave, lair_0_dummy, erik_orc_3, lightli_corner_chamber
Temple:   zaba_magenta_temple
Abyss:2:  hangedman_steaming_rock
Ossuary:  ossuary_boxes_badplayer

Skill      XL: |  1  2  3  4  5  6  7  8  9 10 11 |
---------------+----------------------------------+-----
Long Blades    | 3 |  3.2
Polearms       | 2 3 4 6 8 10 12 | 12.8
Armour         | 1 2 3 6 |  6.3
Dodging        | 3 |  3.4
Fighting       | 3 4 5 6 |  6.4
Throwing       | |  1.5

Action                   |  1- 3 |  4- 6 |  7- 9 | 10-12 || total
-------------------------+-------+-------+-------+-------++-------
Melee: Long sword        |   134 |       |       |       ||   134
       Glaive            |    21 |   142 |   436 |   484 ||  1083
Throw: Throwing net      |       |       |     1 |       ||     1
Evoke: Wand              |       |       |       |     7 ||     7
       Lamp of fire      |       |       |       |     1 ||     1
  Use: Scroll            |     6 |     4 |    11 |     7 ||    28
 Stab: Sleeping          |       |     1 |       |       ||     1
       Petrified         |       |       |     2 |       ||     2
       Confused          |       |       |       |     4 ||     4
Armor: Leather armour    |    57 |     1 |       |       ||    58
       Chain mail        |       |   113 |   113 |       ||   226
       Plate armour      |       |       |   136 |   244 ||   380
       Ring mail         |       |       |       |    45 ||    45
Dodge: Dodged            |    91 |    82 |   174 |   180 ||   527
